 Dungeon Crawl Stone Soup version 0.29.1-12-g30fa7ad0bf (webtiles) character file.

Game seed: 53985961417524096

153 croobank the Firebug (level 4, -1/35 HPs)
             Began as a Demigod Fire Elementalist on Dec 22, 2022.
             Slain by Terence
             ... wielding a +0 hand axe
              (8 damage)
             ... on level 3 of the Dungeon.
             The game lasted 00:08:27 (2998 turns).

croobank the Firebug (Demigod Fire Elementalist)    Turns: 2998, Time: 00:08:27

Health: -1/35      AC:  3    Str:  9    XL:     4   Next: 88%
Magic:  10/10      EV: 12    Int: 21    God:
Gold:   157        SH:  0    Dex: 14    Spells: 1/7 levels left

rFire   . . .      SeeInvis .   a - +2 short sword (speed)
rCold   . . .      Faith    .   (no shield)
rNeg    . . .      Spirit   .   t - +0 robe
rPois   .          Reflect  .   (no helmet)
rElec   .          Harm     .   u - +0 cloak
rCorr   .          Rampage  .   (no gloves)
Will    .....                   (no boots)
Stlth   ++........              (no amulet)
HPRegen 0.11/turn               (no ring)
MPRegen 0.12/turn               (no ring)

@: no status effects
A: high MP 1, forlorn, divine attributes
a: no special abilities


You were on level 3 of the Dungeon.
You visited 1 branch of the dungeon, and saw 3 of its levels.

You collected 157 gold pieces.

Inventory:

Hand Weapons
 a - a +2 short sword of speed (weapon)
Missiles
 k - 6 javelins
 v - 6 silver boomerangs
Armour
 t - a +0 robe (worn)
 u - a +0 cloak (worn)
Jewellery
 g - a ring of protection from cold
Scrolls
 c - a scroll of summoning {unknown}
 f - 3 scrolls of identify {unknown}
 j - a scroll of butterflies {unknown}
 n - a scroll of fear {unknown}
 o - a scroll of poison {unknown}
 q - a scroll of enchant armour {unknown}
 r - 2 scrolls of teleportation {unknown}
Potions
 d - a potion of heal wounds {unknown}
 e - a potion of berserk rage {unknown}
 h - a potion of brilliance {unknown}
 i - a potion of might {unknown}
 l - a potion of lignification {unknown}
 m - 3 potions of haste {unknown}
 p - a potion of resistance {unknown}
 s - a potion of cancellation {unknown}


   Skills:
 + Level 1.2 Fighting
 + Level 2.6 Dodging
 + Level 2.6 Stealth
 + Level 2.3 Spellcasting
 + Level 1.9 Conjurations
 + Level 0.5 Hexes
 + Level 3.2 Fire Magic


You had one spell level left.
You knew the following spells:

 Your Spells              Type           Power      Damage    Failure   Level
a - Foxfire               Conj/Fire      52%        2x1d6     4%          1
b - Scorch                Fire           32%        2d6       6%          2
c - Inner Flame           Hex/Fire       10%        N/A       21%         3

Your spell library contained the following spells:

 Spells                   Type           Power      Damage    Failure   Level
 Freeze                   Ice            8%         1d3       14%         1
 Conjure Flame            Conj/Fire      13%        6-21      14%         3
 Frozen Ramparts          Ice            4%         1d1       38%         3
 Flame Wave               Conj/Fire      13%        2d6       43%         4
 Hailstorm                Conj/Ice       6%         3d4       67%         4


Dungeon Overview and Level Annotations

Branches:
Dungeon (3/15)

Annotations:
D:3 Terence


Innate Abilities, Weirdness & Mutations

You have an increased reservoir of magic. (+10% MP)
You shall have no god before yourself.
Your divine heritage dramatically boosts your attributes as you level up.


Message History

The quokka closely misses you.
You hit the quokka.
You kill the quokka!
Casting: Scorch (safe; 6% risk of failure)
Confirm with . or Enter, or press ? or * to list all spells.
You don't know that spell.
Unknown command.
Casting: Scorch (safe; 6% risk of failure)
Confirm with . or Enter, or press ? or * to list all spells.
Flames lash Terence.
Terence resists.
Terence is heavily wounded.
Terence's fire resistance burns away.
Casting: Scorch (safe; 6% risk of failure)
Confirm with . or Enter, or press ? or * to list all spells.
Flames lash Terence.
Terence is severely wounded.
Terence hits you with a +0 hand axe.
Casting: Scorch (safe; 6% risk of failure)
Confirm with . or Enter, or press ? or * to list all spells.
You conjure some foxfire!
Terence hits you with a +0 hand axe!
Terence hits your foxfire with a +0 hand axe.
Terence barely misses your foxfire.
You hit Terence but do no damage.
Terence is severely wounded.
The foxfire hits Terence but does no damage.
Terence is severely wounded.
The foxfire hits Terence but does no damage.
Terence is severely wounded.
Terence hits you with a +0 hand axe.
You barely miss Terence.
Terence is severely wounded.
Terence hits you with a +0 hand axe.
You hit Terence.
Terence is almost dead.
Terence hits you with a +0 hand axe.
* * * LOW HITPOINT WARNING * * *
You hit Terence but do no damage.
Terence is almost dead.
Magic courses through your body. Terence hits you with a +0 hand axe!
You die...

# ###### #### .# #....#
#.. ..# #....# #
#.####..#
#....####.###.#.....#
#....#....#...†..# .
#....#.##.....#..#
..####..†.#.##.#@@.#..#
..........#.##.#.#.#..#
..................>#..#
..........#....#...#..#
##....#'#........#.#..#
##....#.#........#.#..#
......#.#........#.#..#
....(.#.######+#.#.#
......#.# #.#.#


You could see Terence (combustible).

Vanquished Creatures
  A hound (D:3)
  Jessica (D:3)
  2 adders (D:2)
  2 worms (D:2)
  3 dart slugs
  7 ball pythons
  3 endoplasms
  3 giant cockroaches
  4 goblins (D:1)
  11 hobgoblins
  4 jackals (D:1)
  5 quokkas
  7 bats
  4 frilled lizards
  4 kobolds
  3 rats
64 creatures vanquished.

Vanquished Creatures (others)
  127 foxfires
  A fungus (D:1)
  3 plants (D:1)
131 creatures vanquished.

Grand Total: 195 creatures vanquished

Notes
Turn   | Place    | Note
-------+----------+-------------------------------------------
     0 | D:1      | croobank the Demigod Fire Elementalist began the quest for
                  | the Orb.
     0 | D:1      | Reached XP level 1. HP: 14/14 MP: 5/5
    86 | D:1      | Reached skill level 1 in Conjurations
   411 | D:1      | Reached XP level 2. HP: 13/20 MP: 2/7
   523 | D:1      | Learned a level 2 spell: Scorch
  1057 | D:1      | Reached XP level 3. HP: 27/27 MP: 1/8
  1771 | D:2      | Reached skill level 3 in Fire Magic
  1815 | D:2      | Learned a level 3 spell: Inner Flame
  2069 | D:2      | Reached skill level 1 in Fighting
  2187 | D:2      | Reached XP level 4. HP: 30/35 MP: 8/10
  2782 | D:3      | Noticed Jessica
  2784 | D:3      | Killed Jessica
  2971 | D:3      | Noticed Terence
  2998 | D:3      | Slain by Terence

Illustrated notes

Levels and vault maps discovered:
D:1:      dpeg_cavernosity, layout_rooms,
          chequers_ecumenical_altar_simple_redux, serial_forest,
          infiniplex_forest_straight_4, infiniplex_forest_lined_corner,
          infiniplex_forest_straight_2, infiniplex_forest_zigzag_1,
          infiniplex_forest_straight_3, infiniplex_forest_end_2
D:2:      layout_basic, basic_altar, dreamdust_wishing_well,
          minmay_small_reverse_x
D:3:      layout_basic, uniq_jessica, uniq_crazy_yiuf_cottage, uniq_sigmund,
          uniq_terence

Skill      XL: |  1  2  3 |
---------------+----------+-----
Conjurations   | 1 |  1.9
Stealth        | 2 |  2.6
Dodging        | 2 |  2.6
Spellcasting   | 2 |  2.3
Fire Magic     | 3 |  3.2
Fighting       | 1 |  1.2
Hexes          | |  0.5

Action                   |  1- 3 |  4- 6 || total
-------------------------+-------+-------++-------
Melee: Unarmed           |     4 |       ||     4
       Dagger            |    15 |       ||    15
       Short sword       |    12 |    24 ||    36
 Cast: Foxfire           |    60 |    19 ||    79
       Scorch            |    17 |    10 ||    27
  Use: Potion            |       |     1 ||     1
 Stab: Sleeping          |     1 |       ||     1
Armor: Robe              |     7 |     3 ||    10
Dodge: Dodged            |    29 |    11 ||    40
